 Dungeon Sprint DCSS version 0.21.0-24-g2553a33 (webtiles) character file.

291217 letownia2 the Wrestler (level 13, 187/187 HPs)
             Began as a Troll Wizard on Jan 20, 2018.
             Was an Initiate of Gozag.
             Escaped with the Orb!
             The game lasted 00:37:20 (4744 turns).

letownia2 the Wrestler (Troll Wizard)               Turns: 4744, Time: 00:37:20

Health: 187/187    AC: 28    Str: 19    XL:     13   Next: 57%
Magic:  19/21      EV: 19    Int: 19    God:    Gozag
Gold:   149        SH:  4    Dex: 13    Spells: 1/25 levels left

rFire    . . .     SeeInvis .     - Unarmed
rCold    . . .     Gourm    +   (no shield)
rNeg     + . .     Faith    .   (armour currently unavailable)
rPois    ∞         Spirit   .   b - +1 hat
rElec    +         Reflect  +   G - +1 cloak {+Inv}
rCorr    .         Harm     .   (gloves unavailable)
MR       .....     NoTele   +   (boots unavailable)
Stlth    +.........             d - +4 amulet of reflection
HPRegen  0.81/turn              A - ring of wizardry
MPRegen  0.17/turn              c - +4 ring of evasion

@: agile, statue-form, very slightly contaminated, invisible, very slow
A: large, unfitting armour, claws 3, blurry vision 2, clever 1, fast metabolism
3, gourmand, sense surroundings 1, regeneration 1
0: Orb of Zot
a: End Transformation, Potion Petition, Call Merchant, Bribe Branch, Renounce
Religion


You escaped.
You worshipped Gozag.
Gozag was aware of your devotion.
You were not hungry.
You were a stone statue.
You visited 1 branch You collected 13307 gold pieces.
You spent 4335 gold pieces at shops.
You paid 8823 gold pieces to Gozag.

Inventory:

Hand Weapons
 l - the +7 great mace "Firestarter" {inner flame, rF++}
   (You found it in the Dungeon)

   It has been specially enchanted to burn those struck by it, causing extra
   injury to most foes and up to half again as much damage against particularly
   susceptible opponents.
   It greatly protects you from fire.
 n - a +0 blowgun
Missiles
 o - 10 curare-tipped needles
Armour
 a - a +0 robe
 b - a +1 hat (worn)
 z - a +0 large shield of reflection
 G - a +1 cloak of invisibility (worn)
 J - the cursed +1 robe of Somewhere Else (melded) {Int+4}
   (You bought it in a shop in the Dungeon)

   It affects your intelligence (+4).
   It has a curse placed upon it.
Magical Staves
 H - an uncursed staff of death
Jewellery
 c - a +4 ring of evasion (right claw)
 d - a +4 amulet of reflection (around neck)
 t - an uncursed amulet of rage
 A - a ring of wizardry (left claw)
 B - an uncursed ring of flight
 D - an uncursed amulet of guardian spirit
 I - an uncursed ring of see invisible
Wands
 r - a wand of acid (5)
Scrolls
 j - a scroll of blinking
 k - a scroll of immolation
 p - a scroll of magic mapping
 s - 4 scrolls of remove curse
 v - a scroll of identify
Potions
 e - a potion of curing
 f - 5 potions of heal wounds
 g - a potion of haste
 h - 2 potions of magic
 i - 3 potions of berserk rage
 m - 2 potions of lignification
 u - 5 potions of agility
 w - 3 potions of brilliance
Books
 F - the Catalogue of Augmentations and Evil Secrets
   (You found it in the Dungeon)

   Spells                             Type                      Level
   a - Infusion                       Charms                       1
   b - Animate Skeleton               Necromancy                   1
   c - Swiftness                      Charms/Air                   2
   d - Ozocubu's Armour               Charms/Ice                   3
   e - Excruciating Wounds            Charms/Necromancy            5
   f - Death Channel                  Necromancy                   6
Miscellaneous
 q - a phial of floods
 x - a lamp of fire
 K - a lamp of fire
Comestibles
 L - 4 rations


   Skills:
 - Level 13.5 Fighting
 - Level 1.5 Dodging
 - Level 1.0 Stealth
 - Level 21.6 Unarmed Combat
 - Level 6.6 Spellcasting
 - Level 4.2 Conjurations
   Level 0.6 Summonings
 - Level 2.6 Translocations
 + Level 13.3 Transmutations
 - Level 2.9 Fire Magic
 - Level 2.2 Air Magic
 - Level 7.5 Earth Magic
 - Level 2.4 Poison Magic
 - Level 5.7 Evocations


You had one spell level left.
You knew the following spells:

 Your Spells              Type           Power        Failure   Level  Hunger
a - Magic Dart            Conj           ###.         1%          1    None
b - Blink                 Tloc           N/A          2%          2    None
c - Conjure Flame         Conj/Fire      ###.....     2%          3    ##.....
d - Dragon Form           Tmut           ######....   14%         7    #######
e - Mephitic Cloud        Conj/Pois/Air  ###.....     4%          3    ##.....
s - Swiftness             Chrm/Air       ##......     4%          2    None
u - Statue Form           Tmut/Erth      #####....    9%          6    #######


Dungeon Overview and Level Annotations

Branches:
Dungeon (1/1)

Altars:
Cheibriados
Dithmenos
Elyvilon
Fedhas
Gozag
Hepliaklqana
Kikubaaqudgha
Makhleb
Nemelex Xobeh
Okawaru
Qazlal
Ru
Sif Muna
Trog
Uskayaw
Vehumet
Wu Jian
Xom
Yredelemnul
Zin
The Shining One
Jiyva
Lugonu

Shops:
D (!*(([}(!*!:*:*%%!!(!=[!*=[:[!

Annotations:
D Tiamat


Innate Abilities, Weirdness & Mutations

You are too large for most types of armour.
You have claws for hands.
Your metabolism is lightning-fast.
You like to eat raw meat.
Your natural rate of healing is unusually fast.
((You are covered in fur. (AC +1)))
((You have very tough skin. (AC +2)))
Scrolls take you longer to read.
Your mind is acute. (Int +2)
You passively map a small area around you.


Message History

There is an open door, spattered with blood here.
Casting: Statue Form
Confirm with . or Enter, or press ? or * to list all spells.
You extend your transformation's duration.
Unknown command.
There is an open door here.
There is an open door here.
There is an open door here.
You see here a giant spiked club.
There is an open door here.
There is a staircase leading out of the dungeon here. [a] - 336 gold - heal wounds, magic and curing [b] - 240 gold - heal wounds and curing [c] - 348 gold - invisibility and agility Purchase which effect?
You no longer have enough gold to petition Gozag for potion effects.
You fade into invisibility!
You feel agile all of a sudden.
You are very lightly contaminated with residual magic.
Unknown command.
You have escaped!

##################
#8.#.)'..#..'..#__
#..'[.#..'.[#..'..
#..#####'#####'#__
#..####..#...#.###
#..#__####..##.#≈≈
#..#_____##'#_.§≈≈
#⌠⌠#_.∩...'..._#§≈
####_..__##_.#'##§
*$$#_____###'#.#).


There were no monsters in sight!

Vanquished Creatures
  Lom Lobon (D)
  A golden dragon (D)
  A shadow dragon (D)
  4 fire giants (D)
  A deep elf annihilator (D)
  A lorocyproca (D)
  A mummy priest (D)
  A hydra (D)
  2 centaur warriors (D)
  Sonja (D)
  7 unseen horrors (D)
  A deep troll (D)
  A lindwurm (D)
  8 shining eyes (D)
  2 oklob plants (D)
  A merfolk siren (D)
  2 kobold demonologists (D)
  A gargoyle (D)
  4 demonic crawlers (D)
  A hellwing (D)
  4 hornets (D)
  A slime creature (D)
  Sigmund (D)
  2 redbacks (D)
  13 hogs (D)
  A yak (D)
  7 floating eyes (D)
  7 necrophages (D)
  An ogre (D)
  8 jellies (D)
  Ijyb (D)
  4 ballistomycetes (D)
  A ballistomycete spore (D)
93 creatures vanquished.

Vanquished Creatures (others)
  A deep elf master archer (D)
  A merfolk siren (D)
  A gargoyle (D)
  A hornet (D)
  4 ball lightnings (D)
  A ballistomycete spore (D)
9 creatures vanquished.

Grand Total: 102 creatures vanquished

Notes
Turn   | Place    | Note
-------+----------+-------------------------------------------
     0 | D        | letownia2 the Troll Wizard began the quest for the Orb.
     0 | D        | Reached XP level 1. HP: 16/16 MP: 2/2
     2 | D        | Noticed Ijyb
    19 | D        | Killed Ijyb
    19 | D        | Reached skill level 4 in Unarmed Combat
    19 | D        | Reached XP level 2. HP: 22/29 MP: 4/4
    30 | D        | Learned a level 2 spell: Blink
    34 | D        | Noticed an ogre
    42 | D        | Killed an ogre
    42 | D        | Reached skill level 6 in Unarmed Combat
    42 | D        | Reached XP level 3. HP: 36/36 MP: 0/5
    42 | D        | Reached XP level 4. HP: 44/44 MP: 0/6
    47 | D        | Learned a level 3 spell: Mephitic Cloud
    97 | D        | Noticed Sigmund
   109 | D        | Killed Sigmund
   109 | D        | Reached skill level 7 in Unarmed Combat
   109 | D        | Reached XP level 5. HP: 43/50 MP: 1/8
   109 | D        | Reached XP level 6. HP: 50/59 MP: 1/9
   115 | D        | Learned a level 3 spell: Conjure Flame
   130 | D        | Found an ornate altar of the Wu Jian Council.
   130 | D        | Found a deep blue altar of Sif Muna.
   132 | D        | Found a radiant altar of Vehumet.
   135 | D        | Reached skill level 8 in Unarmed Combat
   135 | D        | Reached skill level 1 in Fire Magic
   156 | D        | Found Quonnaps's Weapon Emporium.
   156 | D        | Found an ancient bone altar of Kikubaaqudgha.
   156 | D        | Found a hazy altar of Hepliaklqana.
   156 | D        | Found a hide-covered altar of Uskayaw.
   156 | D        | Found a basalt altar of Yredelemnul.
   156 | D        | Found an opulent altar of Gozag.
   156 | D        | Found a snail-covered altar of Cheibriados.
   156 | D        | Found a sacrificial altar of Ru.
   156 | D        | Found a shadowy altar of Dithmenos.
   156 | D        | Noticed a yak
   161 | D        | Killed a yak
   161 | D        | Reached skill level 9 in Unarmed Combat
   162 | D        | Found a stormy altar of Qazlal.
   162 | D        | Found a blossoming altar of Fedhas.
   162 | D        | Found a bloodstained altar of Trog.
   162 | D        | Found an iron altar of Okawaru.
   162 | D        | Found a glowing golden altar of the Shining One.
   162 | D        | Found a glowing silver altar of Zin.
   162 | D        | Found a white marble altar of Elyvilon.
   165 | D        | Found a sparkling altar of Nemelex Xobeh.
   169 | D        | Became a worshipper of Gozag Ym Sagoz the Greedy
   177 | D        | Noticed Sonja
   184 | D        | Killed Sonja
   184 | D        | Reached skill level 5 in Fighting
   184 | D        | Reached skill level 12 in Unarmed Combat
   184 | D        | Reached XP level 7. HP: 67/72 MP: 6/10
   184 | D        | Reached XP level 8. HP: 75/81 MP: 6/11
   204 | D        | Found Hogg's Weapon Boutique.
   225 | D        | Noticed a deep troll
   231 | D        | Killed a deep troll
   231 | D        | Reached skill level 13 in Unarmed Combat
   330 | D        | Noticed a shining eye
   330 | D        | Noticed a shining eye
   330 | D        | Noticed a shining eye
   334 | D        | Noticed a shining eye
   335 | D        | Paralysed by a floating eye for 3 turns
   342 | D        | Noticed a shining eye
   343 | D        | Paralysed by a floating eye for 4 turns
   343 | D        | Killed a shining eye
   343 | D        | Reached skill level 14 in Unarmed Combat
   343 | D        | Reached XP level 9. HP: 93/93 MP: 9/12
   348 | D        | Killed a shining eye
   348 | D        | Reached skill level 15 in Unarmed Combat
   354 | D        | Paralysed by a floating eye for 2 turns
   358 | D        | Paralysed by a floating eye for 2 turns
   359 | D        | Killed a shining eye
   361 | D        | Reached skill level 16 in Unarmed Combat
   393 | D        | Killed a shining eye
   436 | D        | Noticed a shining eye
   457 | D        | Gained mutation: You expend magic power (3 MP) to strengthen your wands. [a shining eye]
   459 | D        | Killed a shining eye
   475 | D        | Gained mutation: Scrolls take you a little longer to read. [a shining eye]
   497 | D        | Killed a shining eye
   497 | D        | Reached XP level 10. HP: 107/107 MP: 1/15
   516 | D        | Noticed a shining eye
   516 | D        | Noticed a shining eye
   516 | D        | Gained mutation: Scrolls take you longer to read. [a shining eye]
   517 | D        | Gained mutation: Scrolls take you much longer to read. [a shining eye]
   519 | D        | Paralysed by a floating eye for 3 turns
   521 | D        | Gained mutation: Your magical capacity is low. (-10% MP) [a shining eye]
   525 | D        | Paralysed by a floating eye for 2 turns
   529 | D        | Paralysed by a floating eye for 3 turns
   535 | D        | Killed a shining eye
   535 | D        | Reached skill level 5 in Spellcasting
   535 | D        | Paralysed by a floating eye for 4 turns
   543 | D        | Paralysed by a floating eye for 3 turns
   549 | D        | Paralysed by a floating eye for 3 turns
   566 | D        | Paralysed by a floating eye for 3 turns
   570 | D        | Paralysed by a floating eye for 2 turns
   574 | D        | Paralysed by a floating eye for 2 turns
   578 | D        | Killed a shining eye
   602 | D        | Found Ciugeil's Weapon Shop.
   602 | D        | Found Mojint's Distillery.
   602 | D        | Found Pidderit's Armour Boutique.
   602 | D        | Found Laam Qof's Assorted Antiques.
   607 | D        | Bought a potion of lignification for 30 gold pieces
   607 | D        | Bought a potion of mutation for 80 gold pieces
   607 | D        | Bought a potion of berserk rage for 50 gold pieces
   609 | D        | Bought a scroll labeled CYSMOJ EHAGGI for 23 gold pieces
   618 | D        | Lost mutation: Your magical capacity is low. (-10% MP) [potion of mutation]
   618 | D        | Lost mutation: Scrolls take you much longer to read. [potion of mutation]
   618 | D        | Lost mutation: You expend magic power (3 MP) to strengthen your wands. [potion of mutation]
   618 | D        | Gained mutation: Your mind is acute. (Int +2) [potion of mutation]
   618 | D        | Gained mutation: You passively map a small area around you. [potion of mutation]
   644 | D        | Found Rilobb's Armour Emporium.
   665 | D        | Noticed a centaur warrior
   667 | D        | Noticed a centaur warrior
   667 | D        | Killed a centaur warrior
   667 | D        | Reached skill level 17 in Unarmed Combat
   736 | D        | Killed a centaur warrior
   809 | D        | Noticed an oklob plant
   814 | D        | Killed an oklob plant
   814 | D        | Reached skill level 18 in Unarmed Combat
   919 | D        | Paralysed by a floating eye for 3 turns
   943 | D        | Killed a gargoyle
   963 | D        | Killed an unseen horror
   963 | D        | Reached XP level 11. HP: 54/115 MP: 8/19
  1130 | D        | Killed an unseen horror
  1130 | D        | Reached skill level 5 in Evocations
  1176 | D        | Reached skill level 19 in Unarmed Combat
  1223 | D        | Found Seoden's Antique Weapon Shoppe.
  1223 | D        | Found Feukh's Gadget Shop.
  1223 | D        | Found Sasaub's Distillery.
  1225 | D        | Found Ciedek's General Store.
  1225 | D        | Found Plog's Distillery.
  1225 | D        | Found Itomaohi's Book Shoppe.
  1225 | D        | Found Bairhe's General Store.
  1225 | D        | Found Ruylad's Food Emporium.
  1225 | D        | Found Zusuraps's Food Shop.
  1225 | D        | Found Elasepsofu's Distillery.
  1230 | D        | Found Ofynekhle's Distillery.
  1231 | D        | Bought a scroll of identify for 24 gold pieces
  1231 | D        | Found Okeitrodog's Distillery.
  1231 | D        | Found Aceofun's Antique Weapon Boutique.
  1232 | D        | Bought a potion of brilliance for 56 gold pieces
  1232 | D        | Bought a potion of lignification for 42 gold pieces
  1232 | D        | Found Caikol's Distillery.
  1234 | D        | Bought a potion of might for 40 gold pieces
  1237 | D        | Bought 2 potions of lignification for 60 gold pieces
  1238 | D        | Bought a potion of agility for 40 gold pieces
  1265 | D        | Bought a book of Transfigurations for 770 gold pieces
  1272 | D        | Learned a level 6 spell: Statue Form
  1280 | D        | Learned a level 7 spell: Dragon Form
  1284 | D        | Bought a potion of brilliance for 40 gold pieces
  1287 | D        | Bought 2 potions of agility for 88 gold pieces
  1287 | D        | Bought a potion of haste for 110 gold pieces
  1298 | D        | Bought a potion of degeneration for 13 gold pieces
  1323 | D        | Bought a potion of heal wounds for 50 gold pieces
  1323 | D        | Bought a potion of heal wounds for 50 gold pieces
  1323 | D        | Bought a potion of heal wounds for 50 gold pieces
  1360 | D        | Found a viscous altar of Jiyva.
  1360 | D        | Found a corrupted altar of Lugonu.
  1361 | D        | Found a burning altar of Makhleb.
  1361 | D        | Found a shimmering altar of Xom.
  1385 | D        | Reached skill level 1 in Transmutations
  1453 | D        | Noticed a lindwurm
  1459 | D        | Killed a lindwurm
  1459 | D        | Reached skill level 10 in Fighting
  1621 | D        | Noticed a daeva
  1628 | D        | Noticed an unseen horror
  1629 | D        | Noticed an unseen horror
  1630 | D        | Noticed an unseen horror
  1630 | D        | Noticed an unseen horror
  1633 | D        | Killed an unseen horror
  1633 | D        | Reached skill level 20 in Unarmed Combat
  1633 | D        | Reached skill level 5 in Transmutations
  1641 | D        | Killed an unseen horror
  1644 | D        | Noticed an unseen horror
  1648 | D        | Killed an unseen horror
  1651 | D        | Killed an unseen horror
  1653 | D        | Killed an unseen horror
  1653 | D        | Reached XP level 12. HP: 19/130 MP: 20/20
  2011 | D        | Bought a ration for 65 gold pieces
  2011 | D        | Bought a ration for 65 gold pieces
  2152 | D        | Noticed a 12-headed hydra
  2163 | D        | Killed a 14-headed hydra
  2660 | D        | Noticed a deep elf annihilator
  2674 | D        | Killed a deep elf annihilator
  2679 | D        | Reached skill level 1 in Earth Magic
  2807 | D        | Noticed a shadow dragon
  2808 | D        | Found the +7 great mace "Firestarter" {inner flame, rF++}
  2808 | D        | Noticed a golden dragon
  2821 | D        | Killed a golden dragon
  2831 | D        | Killed a shadow dragon
  2928 | D        | Found Xeucw's Distillery.
  2936 | D        | Bought a potion of brilliance for 48 gold pieces
  3013 | D        | Bought an uncursed ring of wizardry for 510 gold pieces
  3033 | D        | Killed a lorocyproca
  3033 | D        | Reached skill level 10 in Transmutations
  3488 | D        | Noticed a fire giant
  3501 | D        | Killed a fire giant
  3503 | D        | Noticed a fire giant
  3518 | D        | Killed a fire giant
  3518 | D        | Reached skill level 21 in Unarmed Combat
  3590 | D        | Noticed a fire giant
  3594 | D        | Noticed a fire giant
  3606 | D        | Killed a fire giant
  3606 | D        | Reached XP level 13. HP: 43/137 MP: 6/21
  3609 | D        | Killed a fire giant
  3754 | D        | Noticed Tiamat
  3828 | D        | Noticed a mummy priest
  3832 | D        | Killed a mummy priest
  3856 | D        | Killed a deep elf master archer
  3905 | D        | Identified the Catalogue of Augmentations and Evil Secrets
  3907 | D        | Noticed Lom Lobon
  3965 | D        | Killed Lom Lobon
  4276 | D        | Bought a glowing large shield for 165 gold pieces
  4276 | D        | Bought a heavy robe for 125 gold pieces
  4286 | D        | Identified the cursed +1 robe of Somewhere Else {Int+4} (You bought it in a shop in the Dungeon)
  4430 | D        | Bought a ration for 60 gold pieces
  4430 | D        | Bought a ration for 60 gold pieces
  4430 | D        | Bought a ration for 60 gold pieces
  4430 | D        | Bought a ration for 60 gold pieces
  4430 | D        | Bought a ration for 60 gold pieces
  4430 | D        | Bought a ration for 60 gold pieces
  4437 | D        | Bought a potion of brilliance for 44 gold pieces
  4453 | D        | Learned a level 2 spell: Swiftness
  4497 | D        | Bought a +4 ring of evasion for 612 gold pieces
  4499 | D        | Bought a +4 amulet of reflection for 459 gold pieces
  4538 | D        | Bought a potion of berserk rage for 55 gold pieces
  4538 | D        | Bought a potion of berserk rage for 55 gold pieces
  4539 | D        | Bought a potion of lignification for 36 gold pieces
  4539 | D        | Bought a potion of heal wounds for 60 gold pieces
  4539 | D        | Bought a potion of heal wounds for 60 gold pieces
  4662 | D        | Got the Orb of Zot
  4744 | D        | Escaped with the Orb!

Skill      XL: |  1  2  3  4  5  6  7  8  9 10 11 12 13 |
---------------+----------------------------------------+-----
Fighting       | 2 5 7 9 11 13 | 13.5
Unarmed Combat | 4 6 7 12 14 16 18 20 21 | 21.6
Conjurations   | 3 4 |  4.2
Spellcasting   | 3 4 6 |  6.6
Translocations | 2 |  2.6
Air Magic      | 2 |  2.2
Poison Magic   | 2 |  2.4
Fire Magic     | 2 |  2.9
Evocations     | 4 5 |  5.7
Transmutations | 6 11 13 | 13.3
Earth Magic    | 7 |  7.5
Dodging        | |  1.5
Stealth        | |  1.0
Summonings     | |  0.6

Action                   |  1- 3 |  4- 6 |  7- 9 | 10-12 | 13-15 || total
-------------------------+-------+-------+-------+-------+-------++-------
Melee: Unarmed           |    21 |    15 |    22 |   203 |    18 ||   279
       Punch             |       |       |     2 |    17 |     2 ||    21
       Tailslap          |       |       |       |       |     2 ||     2
 Fire: Blowgun           |       |       |     1 |     2 |       ||     3
 Cast: Magic Dart        |     4 |       |       |       |       ||     4
       Mephitic Cloud    |       |     2 |       |    14 |       ||    16
       Conjure Flame     |       |       |    11 |    18 |       ||    29
       Blink             |       |       |     1 |     5 |     4 ||    10
       Statue Form       |       |       |       |     3 |     4 ||     7
       Dragon Form       |       |       |       |     1 |     2 ||     3
Invok: Call Merchant     |       |       |       |     6 |     2 ||     8
       Potion Petition   |       |       |       |       |     2 ||     2
 Abil: Evoke Flight      |       |       |       |       |     2 ||     2
Evoke: Wand              |       |       |       |     1 |       ||     1
  Use: Potion            |       |       |       |     6 |     6 ||    12
       Scroll            |       |       |       |     5 |     1 ||     6
 Stab: Confused          |       |     1 |       |     3 |       ||     4
       Distracted        |       |       |       |     1 |       ||     1
  Eat: Chunk             |     3 |     2 |     4 |       |       ||     9
       Ration            |       |       |       |     8 |     4 ||    12
Armor: Robe              |     4 |     1 |       |    34 |       ||    39
       Skin              |       |       |       |    69 |     5 ||    74
Dodge: Dodged            |     7 |     1 |       |    47 |     1 ||    56
Block: Other             |       |       |       |       |     1 ||     1
